 Dungeon Crawl Stone Soup version 0.26-a0-466-g989023bd0d (webtiles) character file.

Game seed: 10423571246110042620

35 1player the Skirmisher (level 3, -1/31 HPs)
             Began as a Formicid Abyssal Knight on Aug 12, 2020.
             Was a Follower of Lugonu.
             Slain by Robin
             ... wielding a +4 short sword
              (4 damage)
             ... on level 2 of the Dungeon.
             The game lasted 00:04:15 (2106 turns).

1player the Skirmisher (Formicid Abyssal Knight)    Turns: 2106, Time: 00:04:15

Health: -1/31      AC:  3    Str: 17    XL:     3   Next: 55%
Magic:  4/4        EV: 11    Int: 11    God:    Lugonu [*.....]
Gold:   88         SH:  0    Dex: 10    Spells: 2/2 levels left

rFire    . . .     SeeInvis +   i - +0 dagger
rCold    . . .     Faith    .   (no shield)
rNeg     . . .     Spirit   .   b - +0 leather armour
rPois    .         Reflect  .   (helmet unavailable)
rElec    .         Harm     .   (no cloak)
rCorr    .                      (no gloves)
MR       .....                  (no boots)
Stlth    +.........             (no amulet)
HPRegen  0.10/turn              (no ring)
MPRegen  0.09/turn              (no ring)

@: mighty
A: permanent stasis, dig shafts and tunnels, four strong arms, antennae 3
a: Dig, Shaft Self, Depart the Abyss, Renounce Religion


You were on level 2 of the Dungeon.
You worshipped Lugonu.
Lugonu was aware of your devotion.
You visited 1 branch of the dungeon, and saw 3 of its levels.
You visited the Abyss 1 time.

You collected 88 gold pieces.

Inventory:

Hand Weapons
 a - a +1 mace
 i - a +0 dagger (weapon)
Missiles
 k - 14 sling bullets
Armour
 b - a +0 leather armour (worn)
Jewellery
 f - a +6 ring of dexterity {unknown}
Scrolls
 c - a scroll of fear {unknown}
 h - a scroll of identify {@r1}
Potions
 g - a potion of brilliance {unknown}
 j - a potion of heal wounds {unknown}


   Skills:
 + Level 4.5 Fighting
 - Level 2.3 Maces & Flails
 - Level 2.1 Armour
 - Level 0.8 Dodging
 - Level 2.1 Invocations


You had 2 spell levels left.
You didn't know any spells.
Your spell library was empty.

Dungeon Overview and Level Annotations

Branches:
Dungeon (3/15)

Altars:
Gozag
Uskayaw
Vehumet

Annotations:
D:2 Robin


Innate Abilities, Weirdness & Mutations

You cannot be hasted, slowed, berserked, paralysed or teleported.
You can dig through walls and to a lower floor.
Your four strong arms can wield two-handed weapons with a shield.
You have a pair of large antennae on your head. (SInv)


Message History

The goblin hits you but does no damage. Robin hits you with a +4 short sword.
Robin throws the goblin at you!
Items here: ( ))) ††.
You hit the goblin.
You kill the goblin!
Lugonu accepts your kill. Robin throws the goblin at you!
You closely miss the goblin. The goblin closely misses you.
You closely miss the goblin. The goblin closely misses you.
Robin completely misses you.
You barely miss Robin.
Robin is moderately wounded.
The goblin hits you with a +0 dagger.
Robin roars a battlecry!
You hit Robin.
Robin is severely wounded.
The goblin hits you with a +0 dagger.
* * * LOW HITPOINT WARNING * * *
Robin hits you with a +4 short sword.
You die...

# ##.#
#.#.# ##
##.#.####
#.......#
#.#####.#
#. #.#
#.### #.#
#...# #.#
#...###.#
#....g@g#
###(.####
#(.# { #.(#
#<{# { #..#
#((#
########..#
.>........#


You could see Robin and a goblin (strong).

Vanquished Creatures
  2 bats (D:1)
  3 giant cockroaches
  10 goblins
  2 hobgoblins
  2 jackals (D:1)
  4 kobolds (D:1)
  3 frilled lizards
  4 rats (D:1)
30 creatures vanquished.

Notes
Turn   | Place    | Note
-------+----------+-------------------------------------------
     0 | Abyss:1  | 1player the Formicid Abyssal Knight began the quest for the
                  | Orb.
     0 | Abyss:1  | Reached XP level 1. HP: 18/18 MP: 2/2
    94 | Abyss:1  | Noticed a hell hound
   109 | D:1      | Escaped the Abyss
   313 | D:1      | Reached * piety under Lugonu
   313 | D:1      | Reached XP level 2. HP: 23/24 MP: 3/3
  1075 | D:1      | Reached skill level 4 in Fighting
  1291 | D:1      | Reached XP level 3. HP: 22/30 MP: 4/4
  1680 | D:2      | Noticed Natasha
  1737 | D:2      | Found an opulent altar of Gozag.
  1741 | D:2      | Found a radiant altar of Vehumet.
  1770 | D:2      | You fall into a shaft and drop 1 floor!
  1770 | D:3      | Found a hide-covered altar of Uskayaw.
  1999 | D:2      | Noticed Robin
  2106 | D:2      | Slain by Robin

Illustrated notes

Levels and vault maps discovered:
D:1:      erik_arrival_blinker_ship, layout_basic
D:2:      layout_loops_ring, nemelex_xobeh_ov_fountains_minmay,
          marbit_many_paths, nicolae_overflow_hidden_temple,
          kennysheep_crisscross, kennysheep_decorative_pillar, uniq_natasha,
          uniq_robin
D:3:      layout_loops_ring, tso_altar, lemuel_crystal_altar, uniq_sigmund,
          uniq_jessica, uniq_crazy_yiuf_cottage

Skill      XL: |  1  2 |
---------------+-------+-----
Fighting       | 4 |  4.5
Maces & Flails | |  2.3
Armour         | |  2.1
Dodging        | |  0.8
Invocations    | |  2.1

Action                   || total
-------------------------++-------
Melee: Mace              ||     5
       Dagger            ||   145
Invok: Depart the Abyss  ||     1
  Use: Scroll            ||     2
       Potion            ||     1
Armor: Leather armour    ||    41
Dodge: Dodged            ||    91

Table legend: (Time is in decaauts)
 A = Elapsed time spent in this place.
 B = Non-inter-level travel time spent in this place.
 C = Inter-level travel time spent in this place.
 D = Time resting spent in this place.
 E = Time spent auto-exploring this place.
 F = Levels seen in this place.
 G = Mean time per level.
                   A        B        C        D        E       F      G
               +--------+--------+--------+--------+--------+-----+--------+
         Total |   2112 |   1982 |    130 |    687 |    755 |   4 |  528.0 |
       Dungeon |   2003 |   1873 |    130 |    687 |    667 |   3 |  667.7 |
         Abyss |    109 |    109 |      0 |      0 |     88 |   1 |  109.0 |
               +--------+--------+--------+--------+--------+-----+--------+

Top non-repeatable levels by time:
     D:1: 1798 daAuts
     D:2: 202 daAuts
 Abyss:1: 109 daAuts
     D:3: 2 daAuts
